 Dungeon Crawl Stone Soup version 0.27-a0-1559-g299f9947c5 (webtiles) character file.

Game seed: 16650453496221430332

7308 DocSulfur the Nimble (level 11, 0/69 HPs)
             Began as a Djinni Gladiator on July 16, 2021.
             Was a Believer of Makhleb.
             Slain by a polar bear (16 damage)
             ... in an ice cave.
             The game lasted 01:10:06 (12083 turns).

DocSulfur the Nimble (Djinni Gladiator)            Turns: 12083, Time: 01:10:07

Health: 0/69       AC: 10    Str: 15    XL:     11   Next: 34%
Gold:   517        EV: 30    Int: 17    God:    Makhleb [**....] SH:  0 Dex: 18

rFire    + + .     SeeInvis .   M - +6 fustibalus of Harmony {speed, Dex+3}
rCold    x . .     Faith    .   (no shield)
rNeg     . . .     Spirit   .   h - +3 ring mail
rPois    ∞         Reflect  .   (no helmet)
rElec    .         Harm     .   (no cloak)
rCorr    .         Rampage  .   N - +0 pair of gloves
Will     +....                  (boots unavailable)
Stlth    +.........             X - amulet of the acrobat
HPRegen  0.21/turn              o - +6 ring of intelligence
MPRegen  0.00/turn              (no ring)

@: acrobatic, flying
A: sickness immunity, fire resistance 2, cold vulnerability 1, float, innate
caster, hp casting, extra vitality 1
a: Renounce Religion, Minor Destruction


You were in an ice cave.
You worshipped Makhleb.
Makhleb was pleased with you.
You visited 2 branches of the dungeon, and saw 12 of its levels.
You also visited: Ice Cave.

You collected 583 gold pieces.
You spent 66 gold pieces at shops.

Inventory:

Hand Weapons
 a - a +0 long sword
 e - a +0 rapier of electrocution
 J - a +2 vampiric short sword
 M - the +6 fustibalus of Harmony (weapon) {speed, Dex+3}
   (You found it on level 7 of the Dungeon)

   Attacks with this weapon are significantly faster.
   Dex:       It affects your dexterity (+3).
 U - a +0 scimitar of flaming
Missiles
 d - 3 throwing nets
 i - 348 stones
 s - 27 poisoned darts
 w - 15 boomerangs
 y - 8 boomerangs of dispersal
 B - 37 sling bullets (quivered ammo)
Armour
 c - a +0 helmet
 h - a +3 ring mail (worn)
 l - a +0 kite shield
 I - a +1 leather armour of cold resistance
 N - a +0 pair of gloves (worn)
 P - the +0 ring mail of Tuwnulia {+Inv}
   (You found it on level 9 of the Dungeon)

   +Inv:      It lets you turn invisible.
 V - a +1 robe of willpower
Magical Staves
 b - a staff of fire
 j - a staff of earth
 L - a staff of conjuration
Jewellery
 o - a +6 ring of intelligence (left hand)
 C - a ring of poison resistance
 D - a +6 ring of dexterity
 W - a ring of protection from cold
 X - an amulet of the acrobat (around neck)
Wands
 k - a wand of flame (19)
 Q - a wand of acid (5)
 Y - a wand of iceblast (9)
Scrolls
 f - 2 scrolls of teleportation
 m - a scroll of noise {unknown}
 p - 3 scrolls of enchant weapon
 q - 2 scrolls of enchant armour
 t - a scroll of summoning {unknown}
 v - 2 scrolls of magic mapping
 x - a scroll of immolation {unknown}
 A - 3 scrolls of fear
 E - 2 scrolls of fog
 F - a scroll of acquirement
 G - 2 scrolls of vulnerability
 K - a scroll of blinking
Potions
 g - a potion of attraction {unknown}
 n - 6 potions of heal wounds
 r - 2 potions of curing
 u - a potion of ambrosia
 z - a potion of might
 H - a potion of magic {unknown}
 O - a potion of cancellation {unknown}
 S - 2 potions of haste
Miscellaneous
 R - a phantom mirror (inert)


   Skills:
 - Level 2.5 Fighting
 - Level 5.3 Long Blades
 * Level 7.4(7.5) Slings
 - Level 1.6(5.0) Throwing
 - Level 5.1 Armour
 + Level 8.9 Dodging
 + Level 6.8 Spellcasting
 - Level 2.6 Evocations


You had 8 spell levels left.
You knew the following spells:

 Your Spells              Type           Power      Damage    Failure   Level
a - Beastly Appendage     Tmut           58%        N/A       1%          1
b - Searing Ray           Conj           58%        3d5       1%          2
c - Confusing Touch       Hex            29%        N/A       4%          3
d - Iskenderun's Mystic   Conj/Tloc      29%        2d7       13%         4
e - Summon Forest         Summ/Tloc      14%        N/A       36%         5
Your spell library was empty.

Dungeon Overview and Level Annotations

Branches:
Dungeon (11/15)            Temple (1/1) D:6            Lair (0/6) D:11
    Orc (0/2) D:11          IceCv (1/1)

Altars:
Ashenzari
Cheibriados
Dithmenos
Elyvilon
Fedhas
Gozag
Hepliaklqana
Kikubaaqudgha
Makhleb
Nemelex Xobeh
Okawaru
Qazlal
Ru
Sif Muna
Trog
Uskayaw
Vehumet
Wu Jian
Xom
Yredelemnul
Zin
The Shining One

Shops:
D:5 *!   D:8 (   D:9 (   D:11 [

Annotations:
D:11 Harold


Innate Abilities, Weirdness & Mutations

You are immune to sickness and miasma.
You are immune to poison.
Your flesh is very heat resistant. (rF++)
You are vulnerable to cold. (rC-)
You float through the air rather than walking.
You learn spells naturally, not from books.
Your magical power is your life essence.
You have superior vitality. (+4 HP)


Message History

The polar bear misses you. x2; The wolf bites you!
* * * LOW HITPOINT WARNING * * *
The polar bear misses you. The polar bear completely misses you.
The polar bear closely misses you.
You feel much better. The wolf misses you. The polar bear misses you.
The polar bear claws you. x2; The wolf bites you.
Casting: Searing Ray (safe; 1% risk of failure)
Confirm with . or Enter, or press ? or * to list all spells.
Aiming: Searing Ray (safe; 1% risk of failure)
Press: ? - help, Shift-Dir - straight line, f/p - polar bear
Aim: a polar bear (almost dead, berserk, 85% to hit)
The searing ray hits the polar bear but does no damage.
The polar bear is almost dead. (Press . to maintain the ray.)
The polar bear barely misses you. The polar bear closely misses you.
The polar bear claws you but does no damage.
The wolf bites you.
* * * LOW HITPOINT WARNING * * *
The wolf bites you but does no damage. The polar bear closely misses you.
The polar bear claws you but does no damage.
The polar bear misses you.
The searing ray hits the polar bear.
The polar bear is almost dead.
* * * LOW HITPOINT WARNING * * *
The wolf completely misses you. The polar bear barely misses you.
The polar bear misses you. The polar bear completely misses you.
The searing ray hits the polar bear.
The polar bear is almost dead.
* * * LOW HITPOINT WARNING * * *
The wolf completely misses you. The polar bear closely misses you.
The polar bear completely misses you. The polar bear claws you.
* * * LOW HITPOINT WARNING * * *
The wolf closely misses you.
The polar bear completely misses you. x2
The polar bear closely misses you.
The searing ray hits the polar bear!
The polar bear is almost dead.
* * * LOW HITPOINT WARNING * * *
You finish channeling your searing ray.
The wolf bites you but does no damage. The polar bear bites you!
You die...

#####
###...##
#...†..#
#...##hh#
#.. #.@.#
. ##..##
##...#
#....#
##..∩#
#∩..##
####


You could see a polar bear (berserk) and a wolf.

Vanquished Creatures
  Erica (D:8)
  Nergalle (D:11)
  2 trolls
  Prince Ribbit (D:8)
  2 wraiths (D:10)
  A vampire (D:10)
  10 yaks
  2 wyverns
  A steam dragon (D:7)
  4 water moccasins
  An orc warrior (D:10)
  A sky beast (D:7)
  5 ogres
  A necrophage (D:8)
  A wolf (IceCv)
  7 centaurs
  A kobold brigand (D:8)
  6 bullfrogs
  2 wyvern skeletons
  A howler monkey (D:5)
  2 centaur zombies
  3 hounds
  2 jellies
  5 orc priests
  2 centaur skeletons
  A gnoll shaman (D:5)
  2 iguanas
  5 orc wizards
  2 killer bee zombies
  2 howler monkey zombies
  8 adders
  4 gnolls (D:5)
  A white imp (D:6)
  2 adder skeletons (D:4)
  A dart slug (D:3)
  16 orcs
  5 bats
  8 endoplasms
  2 giant cockroaches
  6 goblins
  5 hobgoblins
  6 jackals
  3 quokkas
  10 ball pythons
  A frilled lizard (D:2)
  12 kobolds
  5 rats
172 creatures vanquished.

Vanquished Creatures (others)
  24 fungi (D:11)
  29 plants (D:11)
53 creatures vanquished.

Grand Total: 225 creatures vanquished

Notes
Turn   | Place    | Note
-------+----------+-------------------------------------------
     0 | D:1      | DocSulfur the Djinni Gladiator began the quest for the Orb.
     0 | D:1      | Reached XP level 1. HP: 18/18 MP: 0/0
   462 | D:1      | Reached XP level 2. HP: 15/23 MP: 0/0
  1033 | D:1      | Found a faded altar of an unknown god.
  1145 | D:2      | Reached XP level 3. HP: 28/28 MP: 0/0
  1145 | D:2      | Learned a level 1 spell: Beastly Appendage
  2120 | D:3      | Reached XP level 4. HP: 29/34 MP: 0/0
  2175 | D:3      | Reached skill level 4 in Dodging
  3133 | D:5      | Entered Level 5 of the Dungeon
  3162 | D:4      | Reached skill level 1 in Spellcasting
  3162 | D:4      | Reached XP level 5. HP: 31/39 MP: 0/0
  3162 | D:4      | Learned a level 2 spell: Searing Ray
  3190 | D:4      | Noticed an ogre
  3315 | D:4      | Killed an ogre
  3316 | D:4      | Reached skill level 1 in Armour
  3316 | D:4      | Reached XP level 6. HP: 44/45 MP: 0/0
  4645 | D:5      | Reached XP level 7. HP: 47/49 MP: 0/0
  4645 | D:5      | Learned a level 3 spell: Confusing Touch
  4663 | D:5      | Found Ceahut's General Store.
  4697 | D:5      | Bought a scroll of identify for 26 gold pieces
  4921 | D:5      | Found Xuitwuj's Distillery.
  4930 | D:5      | Bought a potion of might for 40 gold pieces
  5021 | D:5      | Identified a scroll of acquirement
  5683 | D:5      | Reached XP level 8. HP: 40/55 MP: 0/0
  5909 | D:5      | Found a glowing golden altar of the Shining One.
  6446 | D:6      | Reached skill level 1 in Evocations
  6967 | D:6      | Reached skill level 5 in Armour
  7036 | D:6      | Found a staircase to the Ecumenical Temple.
  7525 | Temple   | Entered the Ecumenical Temple
  7656 | Temple   | Became a worshipper of Makhleb the Destroyer
  7748 | D:7      | Identified the +6 fustibalus of Harmony {speed, Dex+3}
  7879 | D:7      | Reached skill level 5 in Long Blades
  8049 | D:7      | Reached skill level 5 in Dodging
  8049 | D:7      | Reached XP level 9. HP: 33/59 MP: 0/0
  8049 | D:7      | Learned a level 4 spell: Iskenderun's Mystic Blast
  8669 | D:7      | Reached skill level 1 in Slings
  8805 | D:8      | Found Nextoati's Antique Weapon Shop.
  8830 | D:8      | Noticed Erica
  9137 | D:9      | Identified the +0 ring mail of Tuwnulia {+Inv}
  9156 | D:9      | Noticed a two-headed ogre
  9283 | D:9      | Found Omeirycee's Weapon Boutique.
  9435 | D:9      | Reached skill level 6 in Dodging
  9435 | D:9      | Reached skill level 5 in Spellcasting
  9462 | D:9      | Reached * piety under Makhleb
  9480 | D:9      | Noticed a troll
  9744 | D:9      | Reached XP level 10. HP: 56/65 MP: 0/0
  9937 | D:9      | Noticed a wizard
 10042 | D:8      | Noticed Prince Ribbit
 10116 | D:7      | Reached skill level 7 in Dodging
 10660 | D:8      | Killed Erica
 10661 | D:8      | Reached skill level 5 in Slings
 10761 | D:8      | Killed Prince Ribbit
 10871 | D:10     | Entered Level 10 of the Dungeon
 11272 | D:10     | Reached skill level 8 in Dodging
 11564 | D:10     | Reached XP level 11. HP: 67/69 MP: 0/0
 11564 | D:10     | Learned a level 5 spell: Summon Forest
 11816 | D:11     | Noticed Harold
 11936 | D:11     | Noticed Nergalle
 11947 | D:11     | Killed Nergalle
 11974 | D:11     | Found a frozen archway.
 11996 | D:11     | Reached ** piety under Makhleb
 12004 | D:11     | Found Ebazxif's Armour Boutique.
 12056 | IceCv    | Entered an ice cave
 12083 | IceCv    | Slain by a polar bear

Illustrated notes

Levels and vault maps discovered:
D:1:      elethiomel_arrival_infinity_welcomes_careful_drivers, layout_rooms,
          hellmonk_ecumenical_altar_inner_sanctum
D:2:      layout_basic, st_stairs_7
D:3:      corexii_shack_village, layout_basic, chequers_serial_rivers_micro_e
D:4:      layout_layer_cave, hangedman_decor_peaks_small,
          hangedman_abyss_or_decor_stagger, minmay_increasing_density
D:5:      layout_loops_corners, nicolae_tso_swordbearing_angel, serial_shops,
          shop, grunt_ministairs_14, minmay_shop_grid_forest
D:6:      layout_basic, minmay_temple_entry_antechambers
D:7:      layout_rooms, minivault_27
D:8:      layout_loops_ring, serial_shops, shop, serial_glass, glass_columns_a,
          glass_columns_a, glass_columns_b, glass_columns_b, glass_columns_c,
          glass_columns_a, uniq_erica, uniq_prince_ribbit1
D:9:      layout_gridville, serial_shops, shop, lightli_wizard_tower
D:10:     layout_irregular_city
D:11:     layout_layer_cave, due_lair_maze_entry_diamond, orc_0_dummy,
          serial_shops, nicolae_shop_crystal, portal_ice_cave_entry_pillars_1,
          minmay_strange_pillars, uniq_harold, uniq_nergalle
Temple:   compressed_dpeg_triangle_lava_temple
IceCv:    ice_cave_caverns_03

Skill      XL: |  1  2  3  4  5  6  7  8  9 10 11 |
---------------+----------------------------------+-----
Long Blades    | 3 4 5 |  5.3
Dodging        | 4 5 6 8 |  8.9
Spellcasting   | 1 2 3 4 5 6 |  6.8
Armour         | 1 2 4 5 |  5.1
Evocations     | 2 |  2.6
Slings         | 3 6 7 |  7.4
Fighting       | |  2.5
Throwing       | |  1.6

Action                   |  1- 3 |  4- 6 |  7- 9 | 10-12 || total
-------------------------+-------+-------+-------+-------++-------
Melee: Long sword        |    93 |   125 |   109 |     6 ||   333
       Headbutt          |       |       |     2 |       ||     2
       Fustibalus        |       |       |       |     1 ||     1
 Fire: Hunting sling     |     6 |     6 |       |       ||    12
       Fustibalus        |       |       |   121 |   151 ||   272
Throw: Dart              |       |    13 |    15 |       ||    28
 Cast: Beastly Appendage |       |       |     4 |     1 ||     5
       Searing Ray       |       |       |     2 |    16 ||    18
Evoke: Wand              |       |       |       |     5 ||     5
       Phantom mirror    |       |       |       |     1 ||     1
  Use: Scroll            |       |       |    11 |     4 ||    15
       Potion            |       |       |     2 |     2 ||     4
Armor: Ring mail         |    76 |    60 |    54 |    38 ||   228
       Leather armour    |     2 |       |       |       ||     2
Dodge: Dodged            |    69 |    99 |   112 |   133 ||   413
       Rpst.: Long sword |    22 |    34 |    24 |     1 ||    81

Table legend: (Time is in decaauts)
 A = Elapsed time spent in this place.
 B = Non-inter-level travel time spent in this place.
 C = Inter-level travel time spent in this place.
 D = Time resting spent in this place.
 E = Time spent auto-exploring this place.
 F = Levels seen in this place.
 G = Mean time per level.
                   A        B        C        D        E       F      G
               +--------+--------+--------+--------+--------+-----+--------+
         Total |  12122 |  11390 |    732 |    418 |   5716 |  13 |  932.5 |
       Dungeon |  11946 |  11214 |    732 |    418 |   5716 |  11 | 1086.0 |
        Temple |    148 |    148 |      0 |      0 |      0 |   1 |  148.0 |
      Ice Cave |     26 |     26 |      0 |      0 |      0 |   1 |   26.0 |
               +--------+--------+--------+--------+--------+-----+--------+

Top non-repeatable levels by time:
     D:5: 1679 daAuts
     D:4: 1464 daAuts
     D:6: 1321 daAuts
     D:8: 1118 daAuts
     D:1: 1095 daAuts
     D:3: 1072 daAuts
     D:7: 1069 daAuts
     D:2: 1021 daAuts
    D:10: 974 daAuts
     D:9: 938 daAuts
    D:11: 192 daAuts
  Temple: 148 daAuts
   IceCv: 26 daAuts
